 Dungeon Crawl Stone Soup version 0.31-a0-43-g46d131a48f (webtiles) character file.

Game seed: 546627185939479938

88 ders the Digger (level 4, -2/24 HPs)
             Began as a Gargoyle Earth Elementalist on May 19, 2023.
             Slain by a gnoll
             ... wielding a +2 antimagic spear
              (4 damage)
             ... on level 3 of the Dungeon.
             The game lasted 00:03:32 (2019 turns).

ders the Digger (Gargoyle Earth Elementalist)       Turns: 2019, Time: 00:03:32

Health: -2/24      AC:  6    Str: 11    XL:     4   Next: 53%
Magic:  0/8        EV: 11    Int: 18    God:
Gold:   109        SH:  0    Dex: 10    Spells: 8/9 levels left

rFire   . . .        k - +9 sword of Power {lifebolt}
rCold   . . .        (shield currently unavailable)
rNeg    + . .        a - +0 robe
rPois   ∞            (no helmet)
rElec   +            (no cloak)
rCorr   .            p - +0 pair of gloves
SInv    .            (no boots)
Will    .....        (no amulet)
Stlth   ++           (no ring)
HPRegen 0.24/turn    (no ring)
MPRegen 0.11/turn

%: no passive effects
@: no status effects
A: sickness immunity, AC +3, negative energy resistance 1, electricity
resistance, torment resistance 1, petrification resistance
a: no special abilities


You were on level 3 of the Dungeon.
You visited 1 branch of the dungeon, and saw 3 of its levels.

You collected 109 gold pieces.

Inventory:

Hand Weapons
 e - a +0 dagger
 h - a +0 sling
 k - the +9 sword of Power (weapon) {lifebolt}
   (You found it on level 2 of the Dungeon)
Armour
 a - a +0 robe (worn)
 p - a +0 pair of gloves (worn)
Jewellery
 n - a +6 ring of intelligence
Scrolls
 d - 6 scrolls of identify {unknown}
 f - a scroll of teleportation {unknown}
 j - a scroll of amnesia {unknown}
 l - a scroll of fog {unknown}
 m - a scroll of blinking {unknown}
 o - a scroll of vulnerability {unknown}
Potions
 i - a potion of attraction {unknown}


   Skills:
 - Level 1.5 Dodging
 - Level 2.1 Stealth
 + Level 3.3 Spellcasting
 - Level 0.7 Transmutations
 + Level 5.1 Earth Magic


You had 8 spell levels left.
You knew the following spells:

 Your Spells              Type           Power      Damage    Failure   Level
a - Sandblast             Erth           42%        2d11      1%          1

Your spell library contained the following spells:

 Spells                   Type           Power      Damage    Failure   Level
 Passwall                 Tmut/Erth      10%        N/A       7%          2
 Apportation              Tloc           4%         N/A       16%         1
 Necrotise                Necr           8%         1d4       16%         1
 Summon Small Mammal      Summ           8%         N/A       16%         1
 Stone Arrow              Conj/Erth      24%        3d8       17%         3
 Volatile Blastmotes      Fire/Tloc      4%         2d10      43%         3
 Petrify                  Tmut/Erth      13%        N/A       43%         4
 Lee's Rapid Deconstruct  Erth           10%        3d8*      47%         5
 Fulminant Prism          Conj/Hex       1%         3d5       85%         4
 Iskenderun's Mystic Bla  Conj/Tloc      2%         2d3       85%         4


Dungeon Overview and Level Annotations

Branches:
Dungeon (3/15)

Altars:
Trog
Yredelemnul

Shops:
D:1 [*!*

Annotations:
D:1 2 transporters


Innate Abilities, Weirdness & Mutations

You are immune to sickness and miasma.
Your stone body is resilient. (AC +3)
You are immune to poison.
You resist negative energy. (rN+)
You are resistant to electric shocks. (rElec)
You are resistant to unholy torment.
You are immune to petrification.


Message History

The blast of sand hits the kobold.
You kill the kobold!
The gnoll closely misses you. x2; The gnoll barely misses you.
The gnoll hits you from afar with a +2 antimagic spear.
You feel your power leaking away.
Unknown command.
Casting: Sandblast (safe; 1% risk of failure)
Confirm with . or Enter, or press ? or * to list all spells.
You don't have enough magic to cast this spell.
Okay, then.
You are too injured to fight recklessly!
You barely miss the gnoll.
The gnoll hits you with a +1 antimagic whip.
The gnoll closely misses you.
You slash the gnoll!
You kill the gnoll!
The gnoll barely misses you.
The gnoll hits you from afar with a +2 antimagic spear.
* * * LOW HITPOINT WARNING * * *
The gnoll hits you with a +2 antimagic spear.
* * * LOW HITPOINT WARNING * * *
Things that are here:
a +1 antimagic whip; a gnoll corpse You barely miss the gnoll.
The gnoll hits you but does no damage.
The gnoll hits you with a +2 antimagic spear.
* * * LOW HITPOINT WARNING * * *
Casting: Sandblast (safe; 1% risk of failure)
Confirm with . or Enter, or press ? or * to list all spells.
Aiming: Sandblast (safe; 1% risk of failure)
Press: ? - help, Shift-Dir - straight line, f - gnoll
Aim: a gnoll, wielding a +2 antimagic spear (85% to hit)
The blast of sand hits the gnoll!
The gnoll is severely wounded.
The gnoll closely misses you.
Unknown command.
You barely miss the gnoll.
The gnoll is severely wounded.
The gnoll hits you but does no damage.
The gnoll hits you with a +2 antimagic spear.
You die...

#####'#####...........#
#...# #......######
#########.# #......#
........#.# #......#
........#.#
##'##########
........#'####.#
###....#
...............# #....#
...............###<...#
..............g@......#
........#+#######.....#
..............# #.....#
..............# #.....#
..............# #.....#
####..........# #.....#
##...##....# #.#+###
#.....##...+ ..#
#.8...8.#...#


You could see a gnoll.

Vanquished Creatures
  A gnoll (D:3)
  2 adders
  A worm (D:2)
  A dart slug (D:2)
  5 ball pythons
  6 bats
  3 endoplasms
  4 giant cockroaches
  5 goblins
  4 hobgoblins
  4 jackals (D:2)
  2 kobolds
  4 quokkas
  6 frilled lizards
  4 rats
52 creatures vanquished.

Notes
Turn   | Place    | Note
-------+----------+-------------------------------------------
     0 | D:1      | ders the Gargoyle Earth Elementalist began the quest for
                  | the Orb.
     0 | D:1      | Reached XP level 1. HP: 10/10 MP: 3/3
   133 | D:1      | Found a faded altar of an unknown god.
   168 | D:1      | Found a transporter.
   217 | D:1      | Reached XP level 2. HP: 15/15 MP: 1/5
   237 | D:1      | Reached skill level 4 in Earth Magic
   300 | D:1      | Found Zizaus's Distillery.
   424 | D:1      | Found Macacuhe's Armour Shop.
   659 | D:1      | Found a transporter.
   659 | D:1      | Found Ysofywn's General Store.
   871 | D:1      | Found Walis's Assorted Antiques.
   988 | D:2      | Reached XP level 3. HP: 16/19 MP: 6/6
  1058 | D:2      | Found the +9 sword of Power {lifebolt}
  1508 | D:2      | Reached XP level 4. HP: 24/24 MP: 8/8
  1820 | D:3      | Found a basalt altar of Yredelemnul.
  1843 | D:3      | Reached skill level 5 in Earth Magic
  1988 | D:3      | Found a bloodstained altar of Trog.
  2017 | D:3      | HP: 1/24 [gnoll/+2 antimagic spear (3)]
  2019 | D:3      | Slain by a gnoll

Illustrated notes

Levels and vault maps discovered:
D:1:      lemuel_arrival_behind_the_door_small, layout_basic,
          ebering_ecumenical_altar_webs, serial_shops, shop,
          nicolae_shop_getting_attention, shop, nicolae_shop_drivethru
D:2:      layout_loops_ring, grunt_decor_junction, kennysheep_generic_room_7
D:3:      layout_basic, overflow_temple_1_default,
          mainiacjoe_overflow_six_doors_small, nicolae_tso_carved_into_rock,
          trog_antimagical

Skill      XL: |  1  2  3  4 |
---------------+-------------+-----
Earth Magic    | 4 5 |  5.1
Spellcasting   | 3 |  3.3
Dodging        | |  1.5
Stealth        | |  2.1
Transmutations | |  0.7

Action                     |  1- 3 |  4- 6 || total
---------------------------+-------+-------++-------
  Melee: Unarmed           |     1 |       ||     1
         Dagger            |     3 |       ||     3
         Great sword       |    32 |    26 ||    58
   Fire: Sling             |    23 |       ||    23
   Cast: Sandblast         |    29 |     3 ||    32
    Use: Potion            |       |     3 ||     3
   Stab: Sleeping          |     1 |     2 ||     3
         Distracted        |     1 |       ||     1
 Armour: Robe              |    22 |    12 ||    34
  Dodge: Dodged            |    40 |    33 ||    73

Table legend: (Time is in decaauts)
 A = Elapsed time spent in this place.
 B = Non-inter-level travel time spent in this place.
 C = Inter-level travel time spent in this place.
 D = Time resting spent in this place.
 E = Time spent auto-exploring this place.
 F = Levels seen in this place.
 G = Mean time per level.
                   A        B        C        D        E       F      G
               +--------+--------+--------+--------+--------+-----+--------+
         Total |   2082 |   1981 |    101 |    127 |   1479 |   3 |  694.0 |
       Dungeon |   2082 |   1981 |    101 |    127 |   1479 |   3 |  694.0 |
               +--------+--------+--------+--------+--------+-----+--------+

Top non-repeatable levels by time:
     D:1: 964 daAuts
     D:2: 884 daAuts
     D:3: 233 daAuts
